 Dungeon Crawl Stone Soup version 0.25-a0-356-g7c9d860b3b (webtiles) character file.

Game seed: 5133100626801151845, levelgen mode: deterministic

76067 Borgoz the Bludgeoner (level 15, -1/99 HPs)
             Began as a Gargoyle Gladiator on Jan 4, 2020.
             Was a High Priest of Trog.
             Killed from afar by an orc sorcerer (12 damage)
             ... with a bolt of fire
             ... on level 2 of the Orcish Mines.
             The game lasted 00:39:32 (24158 turns).

Borgoz the Bludgeoner (Gargoyle Gladiator)         Turns: 24158, Time: 00:39:33

Health: -1/99      AC: 28    Str: 22      XL:     15   Next: 52%
Magic:  14/15      EV: 18    Int:  7 (10) God:    Trog [*****.]
Gold:   2229       SH:  0    Dex: 19      Spells: 14/14 levels left

rFire    . . .     SeeInvis .   a - +6 dire flail of Amoyfigh {crush, +Fly rPois rC++}
rCold    + + .     Gourm    .   (shield currently unavailable)
rNeg     + . .     Faith    .   o - +0 scale mail
rPois    ∞         Spirit   .   w - +1 helmet
rElec    +         Reflect  .   p - +0 cloak
rCorr    +         Harm     .   A - +0 pair of gloves
MR       +++..                  v - +0 pair of boots
Stlth    ..........             R - amulet of regeneration
HPRegen  1.66/turn              T - ring of Voficex {rElec rCorr Dex+5}
MPRegen  0.14/turn              l - +2 ring of strength

@: flying, regenerating, lightly drained
A: big wings, mutation resistance 1, negative energy resistance 1, electricity
resistance, unbreathing, petrification resistance, rot immunity, AC +11
a: Stop Flying, Berserk, Trog's Hand, Brothers in Arms, Renounce Religion


You were on level 2 of the Orcish Mines.
You worshipped Trog.
Trog was extremely pleased with you.
You were very hungry.

You visited 4 branches of the dungeon, and saw 22 of its levels.
You also visited: Ossuary.

You collected 2293 gold pieces.
You spent 64 gold pieces at shops.

Inventory:

Hand Weapons
 a - the +6 dire flail of Amoyfigh (weapon) {crush, +Fly rPois rC++}
   (Trog gifted it to you on level 2 of the Lair of Beasts)

   It inflicts extra damage upon your enemies.
   It greatly protects you from cold.
   It protects you from poison.
   It lets you fly.
 k - a +3 demon whip of slashing
 m - a +2 great mace of crushing
Missiles
 d - 3 throwing nets (quivered)
Armour
 o - a +0 scale mail (worn)
 p - a +0 cloak (worn)
 v - a +0 pair of boots (worn)
 w - a +1 helmet (worn)
 A - a +0 pair of gloves (worn)
Jewellery
 l - a +2 ring of strength (right hand)
 R - an amulet of regeneration (around neck)
 T - the ring of Voficex (left hand) {rElec rCorr Dex+5}
   (You found it on level 5 of the Lair of Beasts)

   [ring of resist corrosion]

   It affects your dexterity (+5).
   It insulates you from electricity.
   It provides partial protection from all sources of acid and corrosion.
Wands
 c - a wand of digging (6)
 r - a wand of paralysis (12)
 x - a wand of iceblast (11)
 F - a wand of disintegration (11)
 K - a wand of acid (8)
Scrolls
 b - 2 scrolls of summoning
 e - 2 scrolls of fog
 g - 2 scrolls of blinking
 n - 6 scrolls of teleportation
 B - 3 scrolls of noise {unknown}
 C - 4 scrolls of remove curse
 L - a scroll of holy word
 N - 2 scrolls of magic mapping
Potions
 h - 3 potions of cancellation
 j - 2 potions of agility
 t - a potion of resistance
 G - a potion of ambrosia
 H - a potion of curing
 I - 3 potions of invisibility
 J - a potion of berserk rage
 M - 2 potions of haste
Comestibles
 f - 34 rations


   Skills:
 + Level 13.2(12.9) Fighting
 * Level 16.6(16.2) Maces & Flails
 - Level 1.7(1.5) Throwing
 + Level 13.1(12.8) Armour
 + Level 10.7(10.4) Dodging


You had 14 spell levels left.
You didn't know any spells.
Your spell library contained the following spells:

 Spells                   Type           Power        Failure   Level  Hunger
 Corona                   Hex            #......      67%         1    ##.....
 Ensorcelled Hibernation  Hex/Ice        #.....       82%         2    ###....
 Confuse                  Hex            #.......     96%         3    ####...
 Dazzling Flash           Conj/Hex       #.....       96%         3    ####...
 Tukima's Dance           Hex            #.......     96%         3    ####...


Dungeon Overview and Level Annotations

Branches:
Dungeon (13/15)            Temple (1/1) D:6            Lair (6/6) D:8
  Swamp (0/4) Lair:2        Snake (0/4) Lair:4        Slime (0/5) Lair:6
    Orc (2/2) D:9             Elf (0/3) Orc:2       Ossuary (visited)
 Vaults: D:13-14

Altars:
Ashenzari
Cheibriados
Dithmenos
Elyvilon
Fedhas
Gozag
Hepliaklqana
Kikubaaqudgha
Makhleb
Nemelex Xobeh
Okawaru
Qazlal
Ru
Sif Muna
Trog
Uskayaw
Vehumet
Wu Jian
Xom
Yredelemnul
Zin
The Shining One
Beogh
Jiyva

Shops:
Orc:2 %?

Portals:
Hell: Lair:6


Innate Abilities, Weirdness & Mutations

You are resistant to torment.
Your stone body is resilient. (AC +11)
You are immune to poison.
Your large and strong wings let you fly indefinitely.
You resist negative energy. (rN+)
You are resistant to electric shocks. (rElec)
You can survive without breathing.
You are immune to petrification.
You are immune to rotting.
You are somewhat resistant to further mutation.


Message History

The soul eater is severely wounded.
The soul eater hits you!
* * * LOW HITPOINT WARNING * * *
You barely miss the soul eater.
The soul eater is severely wounded.
You feel better. The soul eater closely misses you.
You puncture the soul eater!
The soul eater is almost dead.
The soul eater misses you.
You puncture the soul eater!
You kill the soul eater!
Trog accepts your kill.
Your skin crawls.
You feel resistant to hostile enchantments.
You are feeling very hungry.
You hit the orc sorcerer but do no damage.
The orc sorcerer no longer looks unusually strong.
The orc sorcerer points at you and mumbles some strange words.
The bolt of fire hits you!
You die...

.................###.#... ##...
................###.ooo ##.#
...............###44o# ###
..............###o3.#
.............###o)o#
............###4oo##
........[[.###.#.##
........[)###..o##
...........###.#@##
............###...##
...........[.###...## ## #
.......)))##..###...## ##.. ##
..........###..###...## ##... ##.
...........###.[###...###...###..
............###.)##....#....##..#
.............###))#[#.....#.#..##
..............###[)[..........###


You could see an orc sorcerer.

Vanquished Creatures
  An orc warlord (Orc:1)
  The ghost of Xuthuik the Scorcher, a journeyman DEFE of Vehumet (Lair:5)
  A stone giant (Orc:2)
  Snorg (D:10)
  Josephine (Lair:4)
  Harold (D:8)
  11 hydras
  The ghost of Somebody the Epochal, a novice DrCj of Cheibriados (Lair:1)
  2 two-headed ogres
  4 orc high priests
  A soul eater (Orc:2)
  Sonja (D:11)
  Nergalle (D:12)
  A sun demon (Lair:6)
  2 orc knights (Orc:2)
  A wizard (Lair:6)
  An orc sorcerer (Orc:2)
  An ugly thing (D:11)
  A cyclops (D:12)
  3 oklob plants (Lair:2)
  23 elephants
  A manticore (D:12)
  A moth of wrath (Lair:5)
  7 black mambas
  Psyche (D:11)
  A gargoyle (D:12)
  2 kobold demonologists
  2 centaur skeletons (D:12)
  The ghost of Lanoc the Firebug, a novice GnFE (D:5)
  3 orange demons (Lair:6)
  13 spiny frogs
  6 rime drakes
  7 komodo dragons
  2 ice devils (Lair:6)
  The ghost of olaf the Poker, a novice TeBe of Trog (D:5)
  A hellwing (Lair:6)
  7 trolls
  2 red devils
  A queen bee (D:9)
  11 blink frogs
  2 hornets
  8 hippogriffs
  2 bog bodies (Lair:2)
  7 dream sheep
  22 yaks
  3 wyverns
  5 wraiths
  A basilisk (Lair:1)
  A neqoxec (Orc:2)
  3 hungry ghosts
  A steam dragon (D:12)
  A chaos spawn (Orc:2)
  4 wargs
  3 nagas (Lair:4)
  2 swamp worms (Lair:2)
  12 porcupines
  9 water moccasins
  3 hell hounds (Lair:6)
  32 orc warriors
  5 sky beasts
  2 ice beasts (D:9)
  A black bear (D:6)
  3 phantoms
  14 ogres
  A wolf (Lair:6)
  13 crocodiles
  7 centaurs
  19 big kobolds
  18 bullfrogs
  2 elf skeletons (D:6)
  4 scorpions
  33 killer bees
  9 wights
  5 howler monkeys
  An electric eel (Lair:2)
  2 crimson imps
  A human zombie (D:6)
  3 bullfrog zombies
  4 centaur zombies
  A quasit (D:10)
  4 jellies
  2 bullfrog skeletons
  8 hounds
  A gnoll shaman (Orc:2)
  23 orc priests
  A human skeleton (D:6)
  7 iguanas
  21 orc wizards
  13 worker ants
  2 big kobold zombies (Ossuary)
  A hound skeleton (D:10)
  3 mummies (Ossuary)
  Robin (D:3)
  12 gnolls
  3 howler monkey skeletons
  11 adders
  A shadow imp (D:11)
  An ooze (D:1)
  2 adder zombies
  7 worms
  An adder skeleton (D:10)
  A dart slug (D:2)
  13 leopard geckos
  78 orcs
  2 ball pythons (D:1)
  10 bats
  10 giant cockroaches
  20 goblins
  7 hobgoblins
  17 jackals
  3 quokkas
  2 frilled lizards
  2 gnoll zombies (Ossuary)
  2 hobgoblin zombies (Ossuary)
  A jackal skeleton (D:5)
  26 kobolds
  2 orc skeletons (D:6)
  11 rats
731 creatures vanquished.

Vanquished Creatures (others)
  An unseen horror (D:11)
  An orc (D:12)
  A fungus (Lair:6)
  2 plants (Lair:2)
  A withered plant (D:5)
6 creatures vanquished.

Grand Total: 737 creatures vanquished

Notes
Turn   | Place    | Note
-------+----------+-------------------------------------------
     0 | D:1      | Borgoz the Gargoyle Gladiator began the quest for the Orb.
     0 | D:1      | Reached XP level 1. HP: 12/12 MP: 1/1
    89 | D:1      | Reached XP level 2. HP: 13/18 MP: 2/2
   335 | D:1      | Reached skill level 1 in Armour
   675 | D:1      | Reached XP level 3. HP: 22/22 MP: 3/3
  1567 | D:2      | Reached XP level 4. HP: 22/27 MP: 4/4
  1620 | D:2      | Found a faded altar of an unknown god.
  1813 | D:3      | Reached skill level 4 in Maces & Flails
  2050 | D:3      | Reached XP level 5. HP: 18/32 MP: 5/5
  2403 | D:3      | Noticed Robin
  2410 | D:3      | Killed Robin
  2779 | D:4      | Reached XP level 6. HP: 32/38 MP: 6/6
  2906 | D:4      | Noticed a phantom
  2923 | D:4      | Killed a phantom
  2923 | D:4      | Reached skill level 5 in Maces & Flails
  2958 | D:4      | Reached XP level 7. HP: 20/43 MP: 7/7
  3533 | D:4      | Reached skill level 6 in Maces & Flails
  3685 | D:5      | Entered Level 5 of the Dungeon
  3716 | D:5      | Found a shattered altar of Ashenzari.
  3744 | D:5      | Reached XP level 8. HP: 32/48 MP: 8/8
  3929 | D:5      | Reached skill level 5 in Fighting
  4356 | D:5      | Found a runed translucent gate.
  4356 | D:5      | Found a runed translucent gate.
  4357 | D:5      | Found a runed translucent gate.
  4358 | D:5      | Noticed Lanoc's ghost (novice GnFE)
  4358 | D:5      | Noticed olaf's ghost (novice TeBe)
  4546 | D:5      | Found a hazy altar of Hepliaklqana.
  4718 | D:6      | Reached skill level 7 in Maces & Flails
  4752 | D:6      | Found a staircase to the Ecumenical Temple.
  4883 | D:6      | Found a sand-covered staircase.
  4901 | D:6      | Reached skill level 5 in Armour
  4905 | Ossuary  | Entered an ossuary
  5113 | D:6      | Reached XP level 9. HP: 54/55 MP: 9/9
  5503 | D:6      | Reached skill level 8 in Maces & Flails
  5637 | D:6      | Found a shimmering altar of Xom.
  5640 | D:6      | Found a shimmering altar of Xom.
  5691 | D:6      | Reached skill level 5 in Dodging
  5699 | D:6      | Found a shimmering altar of Xom.
  6140 | Temple   | Entered the Ecumenical Temple
  6364 | Temple   | Became a worshipper of Trog the Wrathful
  6625 | D:7      | Found a white marble altar of Elyvilon.
  6627 | D:7      | Found a sacrificial altar of Ru.
  6639 | D:7      | Found an ancient bone altar of Kikubaaqudgha.
  7208 | D:8      | Found a staircase to the Lair.
  7292 | D:8      | Reached * piety under Trog
  7323 | D:8      | Noticed Harold
  7369 | D:8      | Killed Harold
  7369 | D:8      | Reached skill level 9 in Maces & Flails
  7369 | D:8      | Reached XP level 10. HP: 53/63 MP: 10/10
  7579 | D:8      | Noticed a kobold demonologist
  7602 | D:8      | Killed a kobold demonologist
  7697 | D:8      | Reached skill level 10 in Maces & Flails
  7717 | D:8      | Reached ** piety under Trog
  7822 | D:8      | Found a snail-covered altar of Cheibriados.
  7948 | D:9      | Found a staircase to the Orcish Mines.
  8174 | D:9      | Found a stormy altar of Qazlal.
  8174 | D:9      | Found a glowing golden altar of the Shining One.
  8174 | D:9      | Found an ornate altar of the Wu Jian Council.
  8415 | D:5      | Killed olaf's ghost
  8429 | D:5      | Killed Lanoc's ghost
  8679 | D:9      | Reached XP level 11. HP: 69/69 MP: 11/11
  8733 | D:9      | Reached *** piety under Trog
  8787 | D:9      | Reached skill level 11 in Maces & Flails
  9458 | D:10     | Entered Level 10 of the Dungeon
  9588 | D:10     | Noticed Snorg
  9619 | D:10     | Killed Snorg
  9873 | D:10     | Reached **** piety under Trog
 10342 | D:10     | Found a hide-covered altar of Uskayaw.
 10495 | D:11     | Found a sparkling altar of Nemelex Xobeh.
 10520 | D:11     | Reached skill level 12 in Maces & Flails
 10585 | D:11     | Reached XP level 12. HP: 71/76 MP: 12/12
 10633 | D:11     | Reached ***** piety under Trog
 10633 | D:11     | Received a gift from Trog
 11130 | D:11     | Noticed Sonja
 11132 | D:11     | Noticed Psyche
 11135 | D:11     | Killed Sonja
 11146 | D:11     | Killed Psyche
 11280 | D:11     | Noticed a two-headed ogre
 11287 | D:11     | Killed a two-headed ogre
 11287 | D:11     | Reached skill level 10 in Fighting
 11376 | D:12     | Noticed a two-headed ogre
 11389 | D:12     | Killed a two-headed ogre
 11512 | D:12     | Reached skill level 10 in Armour
 11595 | D:11     | Reached skill level 13 in Maces & Flails
 11869 | D:12     | Received a gift from Trog
 11949 | D:12     | Noticed Nergalle
 11967 | D:12     | Killed Nergalle
 12926 | Lair:1   | Entered Level 1 of the Lair of Beasts
 13314 | Lair:1   | Found a runed translucent gate.
 13390 | Lair:1   | Found a runed translucent gate.
 13391 | Lair:1   | Found a runed translucent gate.
 13395 | Lair:1   | Noticed Somebody's ghost (novice DrCj)
 13511 | Lair:1   | You fall into a shaft and drop 1 floor!
 13624 | Lair:2   | Reached XP level 13. HP: 81/83 MP: 13/13
 14387 | Lair:2   | Received a gift from Trog
 14388 | Lair:2   | Got an ivory dire flail {god gift}
 14389 | Lair:2   | Identified the +6 dire flail of Amoyfigh {crush, +Fly rPois
                  | rC++} (Trog gifted it to you on level 2 of the Lair of
                  | Beasts)
 14679 | Lair:2   | Found a staircase to the Swamp.
 15338 | Lair:3   | You fall into a shaft and drop 1 floor!
 15373 | Lair:4   | Reached skill level 14 in Maces & Flails
 15383 | Lair:4   | Found a staircase to the Snake Pit.
 16994 | Lair:4   | Received a gift from Trog
 17233 | Lair:4   | Gained mutation: Your large and strong wings let you fly
                  | indefinitely. [Gargoyle growth]
 17233 | Lair:4   | Reached XP level 14. HP: 61/91 MP: 14/14
 17368 | Lair:4   | Noticed Josephine
 17377 | Lair:4   | Killed Josephine
 17749 | Lair:5   | Reached skill level 15 in Maces & Flails
 17985 | Lair:5   | Noticed Xuthuik's ghost (journeyman DEFE)
 17989 | Lair:5   | Found a transporter.
 18211 | Lair:5   | Found a transporter.
 18261 | Lair:5   | Got a pitted trident
 18770 | Lair:6   | Entered Level 6 of the Lair of Beasts
 19397 | Lair:6   | Reached skill level 10 in Dodging
 19733 | Lair:6   | Found a burning altar of Makhleb.
 19779 | Lair:6   | HP: 6/138 [orange demon (6)]
 19782 | Lair:6   | Found a gateway to Hell.
 19784 | Lair:6   | HP: 1/92 [hellwing (8)]
 20341 | Lair:6   | Found a viscous altar of Jiyva.
 20341 | Lair:6   | Found a staircase to the Slime Pits.
 20587 | Lair:6   | Reached skill level 16 in Maces & Flails
 20648 | Lair:6   | Reached XP level 15. HP: 88/97 MP: 15/15
 20868 | Lair:5   | Killed Xuthuik's ghost
 20892 | Lair:5   | Got a wavering platinum ring
 21617 | Lair:1   | Killed Somebody's ghost
 21702 | Lair:1   | Identified the ring of Voficex {rElec rCorr Dex+5} (You
                  | found it on level 5 of the Lair of Beasts)
 21799 | Orc:1    | Entered Level 1 of the Orcish Mines
 22274 | Orc:2    | Entered Level 2 of the Orcish Mines
 22378 | Orc:2    | Received a gift from Trog
 22422 | Orc:1    | Noticed an orc warlord
 22456 | Orc:1    | Killed an orc warlord
 22690 | Orc:1    | Gained mutation: You occasionally shout uncontrollably at
                  | your foes. [a neqoxec]
 22693 | Orc:1    | Gained mutation: You are weak. (Str -2) [a neqoxec]
 22700 | Orc:1    | Gained mutation: Your natural rate of healing is unusually
                  | fast. [a neqoxec]
 22701 | Orc:1    | Gained mutation: You are frail. (-10% HP) [a neqoxec]
 22876 | Lair:1   | Lost mutation: You are frail. (-10% HP) [potion of
                  | mutation]
 22876 | Lair:1   | Gained mutation: Your flesh is cold resistant. (rC+)
                  | [potion of mutation]
 22876 | Lair:1   | Gained mutation: You are agile. (Dex +2) [potion of
                  | mutation]
 22877 | Lair:1   | Lost mutation: You are weak. (Str -2) [potion of mutation]
 22877 | Lair:1   | Lost mutation: Your flesh is cold resistant. (rC+) [potion
                  | of mutation]
 22877 | Lair:1   | Lost mutation: You are agile. (Dex +2) [potion of mutation]
 22877 | Lair:1   | Gained mutation: You are somewhat resistant to further
                  | mutation. [potion of mutation]
 22878 | Lair:1   | Lost mutation: You occasionally shout uncontrollably at
                  | your foes. [potion of mutation]
 22878 | Lair:1   | Lost mutation: Your natural rate of healing is unusually
                  | fast. [potion of mutation]
 23312 | Orc:2    | Found Mosch's Food Shoppe.
 23327 | Orc:2    | Found Oront's Magic Scroll Emporium.
 23558 | Orc:2    | Received a gift from Trog
 23671 | Orc:2    | Found a staircase to the Elven Halls.
 23884 | Orc:1    | Found a roughly hewn altar of Beogh.
 24065 | Orc:2    | Bought a scroll of identify for 32 gold pieces
 24065 | Orc:2    | Bought a scroll of identify for 32 gold pieces
 24152 | Orc:2    | HP: 2/99 [soul eater (12)]
 24158 | Orc:2    | Killed from afar by an orc sorcerer

Levels and vault maps discovered:
D:1:      co_arrival_random_square_maze, layout_basic, grunt_decor_arrowhead
D:2:      layout_rooms, chequers_ecumenical_altar_simple_redux,
          grunt_decor_one_mirror
D:3:      layout_loops_ring, minmay_between, uniq_robin
D:4:      layout_basic, first_ration
D:5:      layout_basic, marbit_many_paths, ashenzari_altar_1,
          gammafunk_ghost_cemetery
D:6:      layout_loops_corners, minmay_temple_entry_waves,
          nicolae_ossuary_entry_catacombs, xom_redecorated
D:7:      layout_cave_pods, grunt_temple_overflow_open
D:8:      layout_basic, slow_altar_1, dpeg_oklobed_lair, special_room
          [special_room_kobold], uniq_harold
D:9:      layout_long_grid, gammafunk_temple_overflow_forgotten, orc_0_dummy,
          special_room [special_room_bee]
D:10:     layout_loops_cross, basic_altar, uniq_snorg
D:11:     layout_roguey, nemelex_diamond_rough_becter, uniq_sonja, uniq_psyche
D:12:     layout_cave_pools, uniq_nergalle
D:13:     layout_cave_pools, gammafunk_ghost_necromancy
Temple:   nicolae_temple_figure_eight
Lair:1:   layout_cave_pods, gammafunk_ghost_split, infiniplex_staircase_pool_2
Lair:2:   layout_regular_city, nicolae_swamp_entry_splash_gauntlet,
          minmay_lair_oklob_chamber
Lair:3:   layout_layer_cave, serial_bayou_shore_b
Lair:4:   layout_cave_pods, guppyfry_snake_entry_island, uniq_josephine
Lair:5:   layout_cave_pods, gammafunk_ghost_berserking_beasts,
          grunt_megastairs_2
Lair:6:   evil_forest, layout_concentric_octagons, slime_altar_1
Orc:1:    layout_diamond_mine, kennysheep_orc_chapel
Orc:2:    pf_orc_diabolical, layout_caves

Skill      XL: |  1  2  3  4  5  6  7  8  9 10 11 12 13 14 15 |
---------------+----------------------------------------------+-----
Armour         | 1 2 3 4 5 6 7 9 10 11 12 13 | 13.1
Fighting       | 3 4 5 7 8 9 10 11 12 13 | 13.2
Maces & Flails | 4 5 6 7 9 10 12 13 14 16 | 16.6
Dodging        | 3 4 5 6 7 8 9 10 | 10.7
Throwing       | |  1.7

Action                   |  1- 3 |  4- 6 |  7- 9 | 10-12 | 13-15 || total
-------------------------+-------+-------+-------+-------+-------++-------
Melee: Flail             |   241 |   227 |   533 |   819 |       ||  1820
       Great mace        |       |       |       |   319 |    67 ||   386
       Dire flail        |       |       |       |       |  1164 ||  1164
Throw: Throwing net      |       |     1 |       |     1 |     1 ||     3
Invok: Berserk           |       |       |       |     3 |     2 ||     5
       Trog's Hand       |       |       |       |     1 |     1 ||     2
 Abil: Fly               |       |       |       |       |     1 ||     1
Evoke: Wand              |       |       |       |     7 |       ||     7
  Use: Scroll            |     4 |     4 |    11 |     4 |    12 ||    35
       Potion            |       |       |    11 |     3 |    10 ||    24
 Stab: Sleeping          |     1 |       |       |       |       ||     1
       Invisible         |       |       |     8 |       |       ||     8
  Eat: Chunk             |     3 |     5 |    14 |    31 |    32 ||    85
       Ration            |       |       |       |     1 |     1 ||     2
Armor: Leather armour    |   194 |     8 |       |       |       ||   202
       Scale mail        |       |   131 |   214 |   695 |   670 ||  1710
Dodge: Dodged            |   327 |   257 |   329 |  1285 |  1049 ||  3247

Table legend:
 A = Non-vault XP
 B = Vault XP
 C = Vault XP percentage of total XP
 D = Non-vault monster count
 E = Vault monster count
 F = Vault count percentage of total count
                 A         B        C        D         E       F
            +---------+---------+-------+---------+---------+-------
      Total |   72913 |   35755 |  32.9 |     540 |     192 |  26.2
            +---------+---------+-------+---------+---------+-------
        D:1 |      38 |       0 |   0.0 |      20 |       0 |   0.0
        D:2 |      64 |       0 |   0.0 |      27 |       0 |   0.0
        D:3 |      84 |      45 |  34.9 |      27 |      17 |  38.6
        D:4 |     845 |       0 |   0.0 |      25 |       0 |   0.0
        D:5 |     620 |     784 |  55.8 |      24 |       3 |  11.1
        D:6 |     644 |     246 |  27.6 |      19 |       6 |  24.0
        D:7 |     675 |       0 |   0.0 |      18 |       0 |   0.0
        D:8 |     619 |    2976 |  82.8 |      22 |      27 |  55.1
        D:9 |    2470 |    1720 |  41.1 |      37 |      24 |  39.3
       D:10 |    2770 |    1117 |  28.7 |      31 |       1 |   3.1
       D:11 |    6627 |    1238 |  15.7 |      49 |       2 |   3.9
       D:12 |    6377 |     800 |  11.1 |      32 |       1 |   3.0
       D:13 |     332 |       0 |   0.0 |       2 |       0 |   0.0
     Lair:1 |    1107 |    1551 |  58.4 |       6 |       5 |  45.5
     Lair:2 |    3725 |    2742 |  42.4 |      16 |      10 |  38.5
     Lair:3 |    6501 |       0 |   0.0 |      18 |       0 |   0.0
     Lair:4 |   10522 |    2362 |  18.3 |      28 |       8 |  22.2
     Lair:5 |   10109 |    3425 |  25.3 |      31 |       7 |  18.4
     Lair:6 |    8053 |   10454 |  56.5 |      22 |      26 |  54.2
      Orc:1 |    6789 |    1016 |  13.0 |      56 |       6 |   9.7
      Orc:2 |    3942 |    5079 |  56.3 |      30 |      38 |  55.9
    Ossuary |       0 |     200 | 100.0 |       0 |      11 | 100.0
            +---------+---------+-------+---------+---------+-------
